 Dungeon Crawl Stone Soup version 0.26-a0-712-ga5a9c9c9d0 (webtiles) character file.

Game seed: 11911801373334560321

29 Azzok the Chopper (level 3, 29/29 HPs)
             Began as a Demonspawn Berserker on Nov 12, 2020.
             Was a Believer of Trog.
             Quit the game on level 2 of the Dungeon.
             The game lasted 00:01:12 (1498 turns).

Azzok the Chopper (Demonspawn Berserker)            Turns: 1498, Time: 00:01:13

Health: 29/29      AC:  6    Str: 18    XL:     3   Next: 1%
Magic:  3/3        EV: 12    Int:  8    God:    Trog [**....]
Gold:   0          SH:  0    Dex: 12    Spells: 2/2 levels left

rFire    . . .     SeeInvis .   a - +0 hand axe
rCold    . . .     Faith    .   (no shield)
rNeg     . . .     Spirit   .   c - +0 leather armour
rPois    .         Reflect  .   (no helmet)
rElec    .         Harm     .   (no cloak)
rCorr    .         Rampage  .   (no gloves)
MR       .....                  g - +0 pair of boots
Stlth    +.........             (no amulet)
HPRegen  0.09/turn              (no ring)
MPRegen  0.08/turn              (no ring)

@: no status effects
A: yellow scales 1, rot immunity
a: Berserk, Trog's Hand, Renounce Religion


You were on level 2 of the Dungeon.
You worshipped Trog.
Trog was pleased with you.
You visited 1 branch of the dungeon, and saw 2 of its levels.

Inventory:

Hand Weapons
 a - a +0 hand axe (weapon)
Armour
 c - a +0 leather armour (worn)
 g - a +0 pair of boots (worn)
Jewellery
 d - an uncursed ring of resist corrosion {unknown}
Scrolls
 e - a scroll of fog {unknown}
 f - a scroll of identify {unknown}
 h - a scroll of immolation {unknown}
 i - a scroll of remove curse {unknown}
Potions
 b - a potion of curing {unknown}


   Skills:
 - Level 3.0 Fighting
 + Level 3.8 Axes
 - Level 1.7 Armour
 - Level 1.7 Dodging


You had 2 spell levels left.
You didn't know any spells.
Your spell library was empty.

Dungeon Overview and Level Annotations

Branches:
Dungeon (2/15)

Altars:


Innate Abilities, Weirdness & Mutations

You are partially covered in yellow scales. (AC +2)
You are immune to rotting.


Message History

The adder hisses angrily.
You closely miss the goblin. The goblin misses you.
You barely miss the goblin. The goblin hits you but does no damage.
You hit the goblin but do no damage. The goblin hits you but does no damage.
You hit the goblin.
The goblin is moderately wounded.
The goblin misses you.
You closely miss the goblin.
The goblin is moderately wounded.
The goblin hits you but does no damage. The goblin misses you.
You hit the goblin.
You kill the goblin!
Trog accepts your kill.
You can now call upon Trog for regeneration and magic resistance.
You have reached level 3!
Your experience leads to an increase in your attributes!
Increase (S)trength, (I)ntelligence, or (D)exterity?
You feel stronger.
Your demonic ancestry asserts itself...
You feel immune to rotting.
Are you sure you want to abandon this character and quit the game? (Confirm with "yes".)

·▒▒▒▒··▒▒▒▒▒▒▒▒▒▒<·▒··▒
····▒·············▒▒▒·▒
·▒▒···▒·▒▒▒▒▒▒▒▒▒··▒··▒
·▒▒▒·····▒ ▒▒···▒▒
†·······▒▒ ▒▒·▒▒
†······▒▒ ▒▒▒▒·▒
·▒▒▒▒▒·▒ ▒····▒ ·▒ ▒·▒
▒·▒▒▒▒ ·▒ ▒╬▒ ▒@▒ ·▒
▒S▒ ·▒ ▒·▒ ·▒ ··· ·▒
··· ··?·· ····· ·······


You could see an adder.

Vanquished Creatures
  2 leopard geckos (D:1)
  A ball python (D:1)
  2 goblins
  A hobgoblin (D:1)
  5 jackals
  4 bats (D:1)
  3 frilled lizards (D:1)
  3 kobolds (D:1)
  4 rats (D:1)
25 creatures vanquished.

Notes
Turn   | Place    | Note
-------+----------+-------------------------------------------
     0 | D:1      | Azzok the Demonspawn Berserker began the quest for the Orb.
     0 | D:1      | Reached XP level 1. HP: 18/18 MP: 1/1
   633 | D:1      | Gained mutation: You are partially covered in yellow
                  | scales. (AC +2) [demonic ancestry]
   633 | D:1      | Reached XP level 2. HP: 21/24 MP: 2/2
  1497 | D:2      | Reached ** piety under Trog
  1497 | D:2      | Gained mutation: You are immune to rotting. [demonic
                  | ancestry]
  1497 | D:2      | Reached XP level 3. HP: 29/29 MP: 3/3
  1498 | D:2      | Quit the game

Illustrated notes

Levels and vault maps discovered:
D:1:      wheals_arrival_linesprint, layout_loops_ring, minivault_11
D:2:      layout_loops_corners, gammafunk_temple_overflow_arena

Skill      XL: |  1 |
---------------+----+-----
Axes           | 3 |  3.8
Fighting       | |  3.0
Armour         | |  1.7
Dodging        | |  1.7

Action                   || total
-------------------------++-------
Melee: Hand axe          ||    95
Invok: Berserk           ||     1
 Stab: Sleeping          ||     1
Armor: Leather armour    ||    37
       Animal skin       ||     2
Dodge: Dodged            ||    67

Table legend: (Time is in decaauts)
 A = Elapsed time spent in this place.
 B = Non-inter-level travel time spent in this place.
 C = Inter-level travel time spent in this place.
 D = Time resting spent in this place.
 E = Time spent auto-exploring this place.
 F = Levels seen in this place.
 G = Mean time per level.
                   A        B        C        D        E       F      G
               +--------+--------+--------+--------+--------+-----+--------+
         Total |   1519 |   1436 |     83 |    363 |    812 |   2 |  759.5 |
       Dungeon |   1519 |   1436 |     83 |    363 |    812 |   2 |  759.5 |
               +--------+--------+--------+--------+--------+-----+--------+

Top non-repeatable levels by time:
     D:1: 1433 daAuts
     D:2: 86 daAuts
